 Dungeon Crawl Stone Soup version 0.29-a0-337-g68df138881 (webtiles) character file.

Game seed: 7024475111422837598

567 snetch the Chopper (level 7, -5/93 HPs)
             Began as a Minotaur Berserker on Apr 17, 2022.
             Was an Elder of Trog.
             Slain by a two-headed ogre
             ... wielding a +0 giant club
              (13 damage)
             ... on level 5 of the Dungeon.
             The game lasted 00:08:43 (3191 turns).

snetch the Chopper (Minotaur Berserker)             Turns: 3191, Time: 00:08:44

Health: -5/93      AC:  6    Str: 23    XL:     7   Next: 11%
Magic:  6/6        EV: 12    Int:  4    God:    Trog [****..]
Gold:   194        SH:  0    Dex: 10    Spells: 6/6 levels left

rFire   . . .      SeeInvis .   a - +0 hand axe
rCold   . . .      Faith    .   (no shield)
rNeg    . . .      Spirit   .   z - +3 leather armour
rPois   .          Reflect  .   (helmet restricted)
rElec   .          Harm     .   (no cloak)
rCorr   .          Rampage  .   (no gloves)
Will    .....                   (no boots)
Stlth   ..........              (no amulet)
HPRegen 0.25/turn               (no ring)
MPRegen 0.10/turn               (no ring)

@: berserking, lethally poisoned (-5 -> -20), very quick
A: horns 2, retaliatory headbutt
a: Renounce Religion, Berserk, Trog's Hand, Brothers in Arms


You were on level 5 of the Dungeon.
You worshipped Trog.
Trog was greatly pleased with you.
You visited 1 branch of the dungeon, and saw 5 of its levels.

You collected 194 gold pieces.

Inventory:

Hand Weapons
 a - a +0 hand axe (weapon)
 b - a +0 flail
 j - a +0 dagger of electrocution
 k - a +0 hunting sling
 p - a +0 scythe
 s - a +0 halberd
Missiles
 e - 8 poisoned darts (quivered)
 h - 133 stones
 i - 2 boomerangs
 u - 6 boomerangs of dispersal
Armour
 z - a +3 leather armour (worn)
 A - a +0 chain mail
Scrolls
 c - a scroll of enchant weapon {unknown}
 l - a scroll of brand weapon {unknown}
 m - 6 scrolls of identify {unknown}
 n - 2 scrolls of fog {unknown}
 q - 3 scrolls of noise {unknown}
 r - a scroll of enchant armour {unknown}
 t - a scroll of vulnerability {unknown}
 v - a scroll of fear {unknown}
 w - a scroll of immolation {unknown}
 x - 3 scrolls of blinking {unknown}
 y - a scroll of amnesia {unknown}
Potions
 d - a potion of heal wounds {unknown}
 f - a potion of ambrosia {unknown}
 g - 3 potions of attraction {unknown}
 o - a potion of flight {unknown}


   Skills:
 + Level 5.6 Fighting
 + Level 7.0 Axes
 + Level 1.3 Throwing
 + Level 3.1 Armour
 + Level 3.9 Dodging
 + Level 1.5 Stealth


You had 6 spell levels left.
You didn't know any spells.
Your spell library contained the following spells:

 Spells                   Type           Power      Damage    Failure   Level
 Corpse Rot               Necr/Air       0%         N/A       69%         2
 Dispel Undead            Necr           0%         3d6       100%        4
 Iskenderun's Battlesphe  Conj           0%         2d6       100%        5
 Death Channel            Necr           0%         N/A       100%        6
 Iron Shot                Conj/Erth      0%         9d1       100%        6
 Spellforged Servitor     Conj/Summ      0%         N/A       100%        7


Dungeon Overview and Level Annotations

Branches:
Dungeon (5/15)
 Temple: D:4-7

Altars:

Annotations:
D:3 2 transporters, Antichthon's ghost, amateur NaWr
D:5 Edmund


Innate Abilities, Weirdness & Mutations

You have a pair of horns on your head.
You reflexively headbutt those who attack you in melee.


Message History

You feel yourself moving faster!
You feel mighty!
Edmund hits you with a +1 flail of venom.
You are poisoned.
The orc hits you with a +0 mace.
You slash Edmund! You headbutt Edmund!
Edmund is almost dead.
You barely miss the two-headed ogre. You hit the orc.
You feel sick. The orc closely misses you.
Edmund hits you with a +1 flail of venom.
You are more poisoned.
The two-headed ogre closely misses you. The two-headed ogre misses you.
You barely miss the two-headed ogre. You headbutt the two-headed ogre!
The two-headed ogre is lightly wounded.
You closely miss the orc. You hit Edmund but do no damage.
You feel very sick. Edmund barely misses you. The orc barely misses you.
Unknown command.
You hit the two-headed ogre.
The two-headed ogre is moderately wounded.
You hit Edmund but do no damage. You slash the orc!
You kill the orc!
Trog accepts your kill.
You feel sick.
The two-headed ogre hits you with a +0 giant club!! x2
* * * LOW HITPOINT WARNING * * *
You completely miss Edmund. You headbutt Edmund.
Edmund is almost dead.
You slash the two-headed ogre!
* * * LOW HITPOINT WARNING * * *
You feel sick. Edmund hits you but does no damage.
You are more poisoned.
Unknown command.
You barely miss Edmund. Your headbutt misses Edmund.
Edmund is almost dead.
You hit the two-headed ogre. You slash the white imp!
* * * LOW HITPOINT WARNING * * *
You feel very sick.
The two-headed ogre completely misses you.
The two-headed ogre hits you with a +0 giant club!
You die...

....... .......###
. #........##+ ..
..##.......... ...
............. ...
#.... .....#.#.#
##.... #.......#
..$...# #.@...#
#.....##@O5..##
###.............#
#.............#.#
..................
...............!.#
..#.(.............
. #(..............
#..#............


You could see a two-headed ogre, Edmund and a white imp.

Vanquished Creatures
  Sigmund (D:2)
  An ogre (D:3)
  An orc priest (D:3)
  An iguana (D:4)
  Robin (D:3)
  4 gnolls (D:4)
  8 adders
  A shadow imp (D:3)
  2 worms
  5 dart slugs
  9 orcs
  10 ball pythons
  11 endoplasms
  4 giant cockroaches
  11 goblins
  8 hobgoblins
  8 jackals
  6 quokkas
  4 bats
  8 frilled lizards
  7 kobolds
  4 rats
115 creatures vanquished.

Notes
Turn   | Place    | Note
-------+----------+-------------------------------------------
     0 | D:1      | snetch the Minotaur Berserker began the quest for the Orb.
     0 | D:1      | Reached XP level 1. HP: 19/19 MP: 0/0
    90 | D:2      | Reached skill level 4 in Axes
    90 | D:2      | Reached XP level 2. HP: 8/27 MP: 1/1
   429 | D:2      | Reached XP level 3. HP: 28/33 MP: 2/2
   455 | D:3      | Noticed Antichthon's ghost (amateur NaWr)
   456 | D:3      | Found a transporter.
   469 | D:3      | Reached ** piety under Trog
   491 | D:3      | Noticed Robin
   500 | D:3      | Killed Robin
   501 | D:3      | Reached XP level 4. HP: 5/41 MP: 3/3
   816 | D:3      | Noticed an ogre
   825 | D:3      | Killed an ogre
   826 | D:3      | Reached skill level 5 in Axes
   826 | D:3      | Reached XP level 5. HP: 45/47 MP: 4/4
   911 | D:2      | Reached skill level 5 in Fighting
  1238 | D:2      | Noticed Sigmund
  1244 | D:2      | Killed Sigmund
  1245 | D:2      | Reached skill level 6 in Axes
  1245 | D:2      | Reached skill level 1 in Stealth
  1245 | D:2      | Reached XP level 6. HP: 56/56 MP: 5/5
  1492 | D:1      | Reached *** piety under Trog
  2247 | D:3      | Found a transporter.
  2351 | D:3      | Reached skill level 1 in Throwing
  2424 | D:3      | Reached **** piety under Trog
  2738 | D:3      | Reached XP level 7. HP: 61/61 MP: 6/6
  3142 | D:4      | Reached skill level 7 in Axes
  3171 | D:5      | Entered Level 5 of the Dungeon
  3174 | D:5      | Noticed Edmund
  3178 | D:5      | Noticed a two-headed ogre
  3191 | D:5      | Slain by a two-headed ogre

Illustrated notes

Levels and vault maps discovered:
D:1:      roderic_crossed_star, layout_loops_ring
D:2:      layout_rooms, uniq_sigmund
D:3:      kennysheep_six_static_rooms, layout_basic, gammafunk_ghost_mausoleum,
          uniq_robin
D:4:      layout_basic, jmf_multi_god_temple2, hangedman_decor_peaks_small,
          grunt_ministairs_9
D:5:      layout_cave_pools, makhleb_heckhound_becter, kennysheep_nondescript,
          st_stairs_7, uniq_edmund, uniq_duvessa, uniq_ijyb

Skill      XL: |  1  2  3  4  5  6  7 |
---------------+----------------------+-----
Fighting       | 4 5 |  5.6
Axes           | 4 5 6 7 |  7.0
Dodging        | 3 |  3.9
Stealth        | 1 |  1.5
Armour         | 3 |  3.1
Throwing       | 1 |  1.3

Action                   |  1- 3 |  4- 6 |  7- 9 || total
-------------------------+-------+-------+-------++-------
Melee: Hand axe          |    63 |   156 |    25 ||   244
       Headbutt          |     4 |    21 |     6 ||    31
       Punch             |     1 |       |       ||     1
Throw: Dart              |     1 |    35 |     7 ||    43
Invok: Berserk           |     1 |     2 |     1 ||     4
 Stab: Sleeping          |       |     1 |       ||     1
Armor: Animal skin       |    11 |     8 |       ||    19
       Scale mail        |       |    22 |       ||    22
       Leather armour    |       |     1 |    10 ||    11
Dodge: Dodged            |    42 |    78 |    23 ||   143

Table legend: (Time is in decaauts)
 A = Elapsed time spent in this place.
 B = Non-inter-level travel time spent in this place.
 C = Inter-level travel time spent in this place.
 D = Time resting spent in this place.
 E = Time spent auto-exploring this place.
 F = Levels seen in this place.
 G = Mean time per level.
                   A        B        C        D        E       F      G
               +--------+--------+--------+--------+--------+-----+--------+
         Total |   3220 |   3084 |    136 |    279 |   1728 |   5 |  644.0 |
       Dungeon |   3220 |   3084 |    136 |    279 |   1728 |   5 |  644.0 |
               +--------+--------+--------+--------+--------+-----+--------+

Top non-repeatable levels by time:
     D:1: 1194 daAuts
     D:3: 1153 daAuts
     D:2: 709 daAuts
     D:4: 145 daAuts
     D:5: 18 daAuts
